 Dungeon Crawl Stone Soup version 0.32-a0-411-g744942f433 (webtiles) character file.

Game seed: 966797554945705314

17894 crooctopode the Summoner (level 12, -1/89 HPs)
             Began as a Demonspawn Ice Elementalist on Feb 20, 2024.
             Was a High Priest of Jiyva.
             Slain by a spectral orc knight
             ... wielding a +0 halberd
             ... summoned by Nergalle
              (8 damage)
             ... on level 1 of the Lair of Beasts.
             The game lasted 00:48:01 (11261 turns).

crooctopode the Summoner (DsIE)                    Turns: 11261, Time: 00:48:02

Health: -1/89      AC: 18    Str:  6    XL:     12   Next: 22%
Magic:  22/22      EV: 16    Int: 16    God:    Jiyva [*****.]
Gold:   282        SH:  0    Dex: 22    Spells: 12/24 levels left

rFire   . . .        m - +7 short sword "Benuadup" {flame, rC+ rN+++ Str-3 SInv}
rCold   + . .        (no shield)
rNeg    + + +        u - +2 leather armour {rPois}
rPois   +            (helmet unavailable)
rElec   .            F - +2 cloak {rCorr}
rCorr   +            S - +2 pair of gloves
SInv    +            e - +0 pair of boots
Will    +++..        C - amulet of the acrobat
Stlth   ++++         (no ring)
HPRegen 1.78/turn    (no ring)
MPRegen 0.90/turn

%: acrobat
@: ice-armoured, freezing walls, studying Fighting
A: horns 3, thin metallic scales 2, powered by death 2, see invisible, agile 2,
strong-willed 3, sense surroundings 1, pseudopods 2, noise suppression
a: Renounce Religion, Oozemancy, Slimify


You were on level 1 of the Lair of Beasts.
You worshipped Jiyva.
Jiyva was extremely pleased with you.
You visited 2 branches of the dungeon, and saw 13 of its levels.
You also visited: Sewer and Bailey.

You collected 661 gold pieces.
You spent 379 gold pieces at shops.

Inventory:

Hand Weapons
 a - a +1 dire flail of protection
 i - a +2 trident of freezing
 k - a +0 broad axe
 m - the +7 short sword "Benuadup" (weapon) {flame, rC+ rN+++ Str-3 SInv}
   (You found it on level 2 of the Dungeon)

   Str-3:     It affects your strength (-3).
   rC+:       It protects you from cold.
   rN+++:     It renders you almost immune to negative energy.
   SInv:      It lets you see invisible.
 n - a +2 war axe of electrocution
 q - a +0 arbalest
 r - a +3 quarterstaff of chaos
 H - a +0 long sword
 I - a +3 halberd
 J - a +2 hand axe
 M - a +2 dagger of venom
 O - a +5 mace of protection
 P - a +1 scimitar of flaming
Missiles
 p - a dart of dispersal (quivered)
 z - 2 javelins
 N - a curare-tipped dart
 Y - 2 poisoned darts
Armour
 c - a +2 robe of fire resistance
 e - a +0 pair of boots (worn)
 s - a +2 cloak
 u - a +2 leather armour of poison resistance (worn)
 y - the +0 chain mail "Joimm" {rN+ Int+3 Dex+3}
   (You found it on level 5 of the Dungeon)

   Int+3:     It affects your intelligence (+3).
   Dex+3:     It affects your dexterity (+3).
   rN+:       It protects you from negative energy.
 F - a +2 cloak of preservation (worn)
 G - a +0 kite shield
 L - the +2 leather armour "Qioxore" {^Contam rN+++ Will- Dex+2}
   (You found it on level 8 of the Dungeon)

   Dex+2:     It affects your dexterity (+2).
   rN+++:     It renders you almost immune to negative energy.
   Will-:     It decreases your willpower.
   ^Contam:   It causes magical contamination when unequipped.
 S - a +2 pair of gloves (worn)
Jewellery
 t - a ring of ice
 C - an amulet of the acrobat (around neck)
 K - a ring of wizardry
 U - a ring of protection from cold
Talismans
 A - a flux talisman
 T - a dragon-blood talisman
Wands
 f - a wand of iceblast (2)
 g - a wand of polymorph (10)
 D - a wand of flame (9)
 V - a wand of mindburst (1)
Scrolls
 d - 2 scrolls of revelation
 E - 4 scrolls of blinking
 Q - 4 scrolls of teleportation
 R - 2 scrolls of silence {unknown}
 W - a scroll of fog {unknown}
 X - a scroll of vulnerability
Potions
 b - 2 potions of magic
 h - 3 potions of invisibility
 j - 2 potions of enlightenment
 l - 2 potions of mutation
 o - 2 potions of curing
 v - 5 potions of heal wounds
 w - 3 potions of haste
 x - 3 potions of resistance
 B - 5 potions of attraction
 Z - a potion of lignification {unknown}


   Skills:
 - Level 6.9 Fighting
 - Level 1.4 Short Blades
 - Level 6.9 Dodging
 - Level 7.5 Stealth
 - Level 3.1 Shields
 - Level 6.9 Spellcasting
 + Level 11.7 Summonings
 - Level 7.6 Ice Magic


You had 12 spell levels left.
You knew the following spells:

 Your Spells              Type           Power      Damage    Failure   Level
a - Freeze                Ice            100%       1d10      1%          1
b - Frozen Ramparts       Ice            58%        1d9       2%          3
c - Ozocubu's Armour      Ice            29%        N/A       2%          3
d - Summon Ice Beast      Ice/Summ       36%        N/A       1%          3
e - Call Imp              Summ           86%        N/A       1%          2

Your spell library contained the following spells:

 Spells                   Type           Power      Damage    Failure   Level
 Ensorcelled Hibernation  Hex/Ice        34%        N/A       6%          2
 Magic Dart               Conj           20%        1d4       21%         1
 Sting                    Conj/Alch      20%        1d4       21%         1
 Summon Cactus Giant      Summ           21%        N/A       24%         6
 Blink                    Tloc           10%        N/A       30%         2
 Mercury Vapours          Alch/Air       10%        N/A       30%         2
 Scorch                   Fire           10%        2d5       30%         2
 Searing Ray              Conj           10%        2d4       30%         2
 Fugue of the Fallen      Necr           5%         N/A       52%         3
 Gell's Gravitas          Tloc           5%         N/A       52%         3
 Teleport Other           Tloc           5%         N/A       52%         3
 Tukima's Dance           Hex            5%         N/A       52%         3
 Anguish                  Hex/Necr       2%         N/A       89%         4
 Flame Wave               Conj/Fire      5%         2d5       89%         4
 Fulminant Prism          Conj/Alch      2%         3d5       89%         4
 Manifold Assault         Tloc           5%         N/A       89%         4
 Olgreb's Toxic Radiance  Alch           5%         N/A       89%         4
 Passage of Golubria      Tloc           5%         N/A       89%         4
 Yara's Violent Unravell  Hex/Alch       2%         3d3       99%         5
 Dispersal                Tloc           2%         N/A       100%        6
 Disjunction              Tloc           2%         N/A       100%        8


Dungeon Overview and Level Annotations

Branches:
Dungeon (12/15)            Temple (0/1) D:4            Lair (1/5) D:9
    Orc (0/2) D:9           Sewer (visited)          Bailey (visited)

Altars:
Okawaru
Uskayaw
Xom

Shops:
D:2 :[(   D:6 ?   D:7 [   D:9 ?   D:10 :

Annotations:
D:12 !skel warr
Lair:1 Nergalle


Innate Abilities, Weirdness & Mutations

You have a pair of large horns on your head.
You are mostly covered in thin metallic scales. (AC +3)
You regenerate health from kills.
You have supernaturally acute eyesight. (SInv)
You are very agile. (Dex +8, Str/Int -2)
You are extremely strong-willed. (Will+++)
You passively map a small area around you.
Armour fits poorly on your large pseudopods.
You passively dampen the noise of your surroundings.


Message History

The spectral orc knight hits you with a +0 halberd!
The wolf stops to sniff the ground.
The wolf misses you.
The wall freezes Nergalle.
Nergalle gestures at you while chanting.
The bolt of negative energy misses you.
The spectral orc knight closely misses you.
The spectral orc warrior barely misses you.
The spectral orc knight hits you with a +0 halberd.
* * * LOW HITPOINT WARNING * * *
The wolf bites you.
* * * LOW HITPOINT WARNING * * *
You hit Nergalle but do no damage. Your bludgeon misses Nergalle.
Nergalle is severely wounded.
The wall freezes Nergalle but does no damage.
Nergalle closely misses you.
The spectral orc knight barely misses you.
The spectral orc knight closely misses you.
The spectral orc warrior hits you from afar with a +0 trident.
* * * LOW HITPOINT WARNING * * *
The wolf barely misses you. The wolf bites you.
* * * LOW HITPOINT WARNING * * *
You hit Nergalle but do no damage.
Nergalle is severely wounded.
The wolf bites you but does no damage. The wolf bites you.
* * * LOW HITPOINT WARNING * * *
The spectral orc knight closely misses you.
The wall freezes Nergalle but does no damage.
Nergalle misses you.
The spectral orc knight closely misses you.
The spectral orc warrior hits you from afar with a +0 trident!
* * * LOW HITPOINT WARNING * * *
The wolf bites you but does no damage. The wolf completely misses you.
The spectral orc knight misses you.
You hit Nergalle. You burn Nergalle.
Nergalle is severely wounded.
The wolf bites you but does no damage. The wolf misses you.
The wall freezes Nergalle!
Nergalle closely misses you.
The spectral orc knight hits you from afar with a +0 halberd!
You die...
Jiyva sends a jelly to digest your remains.

##
######.###.###.♣~.~..~~.~...####.
.................~~~.~...........
.<...............♣.~~..~.........
.....................♣♣..........
.................................
.................Z...............
..............ZhhZ...............
................@o...............
#P##.##############P#############
### ## ###


You could see Nergalle, a spectral orc warrior (summoned), 2 spectral orc
knights and 2 wolves.

Vanquished Creatures
  4 two-headed ogres
  Erica (D:10)
  Pikel (D:4)
  Maurice (D:7)
  2 cyclopes
  2 manticores
  A black mamba (Lair:1)
  Maggie (D:10)
  A cane toad (Lair:1)
  3 unseen horrors
  A komodo dragon (Lair:1)
  A hornet (Lair:1)
  A troll (D:11)
  Sigmund (D:4)
  A vampire (D:9)
  3 wyverns (D:9)
  2 wraiths (D:9)
  21 yaks
  A warg (D:9)
  Edmund (D:4)
  An acid dragon (D:11)
  9 water moccasins
  13 orc warriors
  A sky beast (D:6)
  2 laughing skulls (D:11)
  2 ogres
  4 wolves (Lair:1)
  A centaur (D:9)
  A kobold brigand (D:9)
  A gnoll sergeant (D:11)
  Blork the orc (D:4)
  3 bullfrogs (Lair:1)
  3 scorpions
  8 wights
  3 killer bees (D:9)
  3 bombardier beetles
  2 jellies (Sewer)
  6 orc priests
  Crazy Yiuf (D:3)
  2 hounds (D:5)
  5 iguanas
  6 orc wizards
  Terence (D:3)
  2 sleepcaps
  Natasha (D:4)
  6 gnolls
  4 river rats (Sewer)
  9 adders
  A white imp (D:6)
  3 dart slugs
  3 ribbon worms
  38 orcs
  7 ball pythons
  14 endoplasms
  12 giant cockroaches
  8 goblins
  14 hobgoblins
  3 jackals (D:1)
  13 kobolds
  4 quokkas
  3 bats
  6 frilled lizards
  13 rats
293 creatures vanquished.

Vanquished Creatures (collateral kills)
  A cyclops (D:11)
  An orc warrior (Bailey)
  A centaur (D:10)
3 creatures vanquished.

Vanquished Creatures (others)
  An unseen horror (D:12)
  A slime creature (D:11)
  2 bullfrogs (D:8)
  A scorpion (D:7)
  A wight (D:8)
  25 jellies
  3 hounds
  An iguana (D:6)
  Natasha (twice) (D:4)
  2 orc wizards (D:8)
  An adder (D:6)
  A white imp (D:8)
  2 ufetubi (D:7)
  3 orcs
  A ball python (D:4)
47 creatures vanquished.

Grand Total: 343 creatures vanquished

Notes
Turn   | Place    | Note
-------+----------+-------------------------------------------
     0 | D:1      | crooctopode the Demonspawn Ice Elementalist began the quest
                  | for the Orb.
     0 | D:1      | Reached XP level 1. HP: 13/13 MP: 3/3
   277 | D:1      | Gained mutation: You have a pair of small horns on your
                  | head. [demonic ancestry]
   277 | D:1      | Reached XP level 2. HP: 18/19 MP: 1/5
   739 | D:1      | Gained mutation: You regenerate a little health from kills.
                  | [demonic ancestry]
   739 | D:1      | Reached XP level 3. HP: 24/24 MP: 6/6
   872 | D:1      | Learned a level 3 spell: Frozen Ramparts
  1164 | D:1      | Found a faded altar of an unknown god.
  1403 | D:2      | Found Luqaemam's Book Boutique.
  1407 | D:2      | Identified the +7 short sword "Benuadup" {flame, rC+ rN+++
                  | Str-3 SInv}
  1411 | D:2      | Found Tafagah's Antique Armour Boutique.
  1518 | D:2      | Reached XP level 4. HP: 30/30 MP: 7/7
  2047 | D:2      | Found Kaoli's Antique Weapon Shop.
  2263 | D:3      | Found a runed translucent door.
  2264 | D:3      | Noticed Crazy Yiuf
  2272 | D:3      | Killed Crazy Yiuf
  2273 | D:3      | Reached skill level 1 in Fighting
  2273 | D:3      | Reached XP level 5. HP: 9/37 MP: 4/9
  2531 | D:2      | Bought a runed leather armour for 125 gold pieces
  2770 | D:3      | Noticed Terence
  2776 | D:3      | Killed Terence
  2998 | D:4      | Noticed Blork the orc
  3007 | D:4      | Killed Blork the orc
  3008 | D:4      | Gained mutation: You are partially covered in thin metallic
                  | scales. (AC +2) [demonic ancestry]
  3008 | D:4      | Reached XP level 6. HP: 38/44 MP: 10/10
  3013 | D:4      | Noticed Edmund
  3221 | D:4      | Noticed Sigmund
  3272 | D:4      | Killed Sigmund
  3273 | D:4      | Reached XP level 7. HP: 51/51 MP: 8/12
  3309 | D:4      | Found a glowing drain.
  3329 | Sewer    | Entered a sewer
  3564 | Sewer    | Reached skill level 5 in Ice Magic
  3785 | Sewer    | Found a viscous altar of Jiyva.
  3822 | Sewer    | Became a worshipper of Jiyva Jashi the Shapeless
  4000 | D:4      | Killed Edmund
  4143 | D:4      | Noticed Natasha
  4146 | D:4      | Noticed Pikel
  4156 | D:4      | Killed Natasha
  4166 | D:4      | Killed Pikel
  4167 | D:4      | Reached skill level 5 in Stealth
  4167 | D:4      | Gained mutation: You are mostly covered in thin metallic
                  | scales. (AC +3) [demonic ancestry]
  4167 | D:4      | Reached XP level 8. HP: 30/60 MP: 8/15
  4271 | D:4      | Found a staircase to the Ecumenical Temple.
  4319 | D:4      | Killed Natasha
  4335 | D:4      | Killed Natasha
  4396 | D:5      | Entered Level 5 of the Dungeon
  4399 | D:5      | Identified the +0 chain mail "Joimm" {rN+ Int+3 Dex+3}
  4667 | D:5      | Reached * piety under Jiyva
  4720 | D:5      | Reached skill level 5 in Spellcasting
  5067 | D:5      | Reached skill level 5 in Dodging
  5073 | D:5      | Noticed a two-headed ogre
  5103 | D:5      | Reached XP level 9. HP: 66/66 MP: 16/16
  5175 | D:5      | Killed a two-headed ogre
  5176 | D:5      | Reached skill level 5 in Fighting
  5495 | D:6      | Found a shimmering altar of Xom.
  5643 | D:6      | Reached ** piety under Jiyva
  5647 | D:6      | Found Ukylurodgh's Magic Scroll Boutique.
  5655 | D:6      | Bought a scroll of blinking for 112 gold pieces
  5655 | D:6      | Bought a scroll of identify for 30 gold pieces
  5655 | D:6      | Bought a scroll of identify for 30 gold pieces
  5655 | D:6      | Bought a scroll of identify for 30 gold pieces
  6176 | D:7      | Noticed Maurice
  6207 | D:7      | Maurice stole a +3 quarterstaff of chaos
  6210 | D:7      | Maurice stole a ring of ice
  6212 | D:7      | Maurice stole a flux talisman
  6213 | D:7      | Maurice stole 2 javelins
  6216 | D:7      | Maurice stole 10 gold
  6221 | D:7      | Killed Maurice
  6243 | D:7      | Reached *** piety under Jiyva
  6260 | D:7      | Learned a level 3 spell: Ozocubu's Armour
  6308 | D:7      | Gained mutation: You have hidden genetic potential.
                  | [Jiyva's grace]
  6308 | D:7      | Gained mutation: You have great hidden genetic potential.
                  | [Jiyva's grace]
  6308 | D:7      | Gained mutation: Your system is resistant to poisons.
                  | (rPois) [Jiyva's grace]
  6308 | D:7      | Gained mutation: Your movements are slightly less
                  | encumbered by armour. (ER -2) [Jiyva's grace]
  6398 | D:7      | Found Igusaocs's Antique Armour Shop.
  6535 | D:7      | Found an iron altar of Okawaru.
  6623 | D:8      | Noticed a two-headed ogre
  6635 | D:8      | Killed a two-headed ogre
  6636 | D:8      | Reached skill level 1 in Shields
  6636 | D:8      | Gained mutation: You have a pair of horns on your head.
                  | [demonic ancestry]
  6636 | D:8      | Reached XP level 10. HP: 49/76 MP: 19/19
  6806 | D:8      | Reached **** piety under Jiyva
  6843 | D:8      | Identified the +2 leather armour "Qioxore" {^Contam rN+++
                  | Will- Dex+2}
  6980 | D:8      | Noticed a +0 falchion
  6980 | D:8      | Noticed a +0 spear
  6985 | D:8      | Noticed a +0 short sword
  6985 | D:8      | Noticed a +0 spear
  6985 | D:8      | Noticed a +0 dagger
  6989 | D:8      | Noticed a +0 short sword
  7022 | D:8      | Noticed a +0 falchion
  7023 | D:8      | Noticed a +0 dagger
  7031 | D:8      | Found a hide-covered altar of Uskayaw.
  7069 | D:8      | Noticed a cyclops
  7081 | D:8      | Killed a cyclops
  7292 | D:8      | Identified the +5 chain mail "Pius" {Int+4 Dex-3}
  7726 | D:9      | Found a staircase to the Lair.
  7729 | D:9      | Gained mutation: You have supernaturally acute eyesight.
                  | (SInv) [hidden potential]
  7940 | D:9      | Reached skill level 1 in Short Blades
  8049 | D:9      | Gained mutation: You are strong-willed. (Will+) [Jiyva's
                  | grace]
  8049 | D:9      | Gained mutation: You are highly strong-willed. (Will++)
                  | [Jiyva's grace]
  8049 | D:9      | Gained mutation: You are extremely strong-willed. (Will+++)
                  | [Jiyva's grace]
  8049 | D:9      | Gained mutation: You passively map a small area around you.
                  | [Jiyva's grace]
  8058 | D:9      | Found a staircase to the Orcish Mines.
  8171 | D:9      | Found a flagged portal.
  8181 | Bailey   | Entered a bailey
  8187 | Bailey   | Learned a level 3 spell: Summon Ice Beast
  8190 | Bailey   | Learned a level 2 spell: Call Imp
  8212 | Bailey   | Reached skill level 1 in Summonings
  8350 | Bailey   | Reached skill level 2 in Summonings
  8592 | Bailey   | Reached skill level 3 in Summonings
  8592 | Bailey   | Gained mutation: You have a pair of large horns on your
                  | head. [demonic ancestry]
  8592 | Bailey   | Reached XP level 11. HP: 83/83 MP: 19/21
  8610 | Bailey   | Noticed an orc knight
  8809 | D:9      | Found The Oracle's Delphic Readings.
  8825 | D:9      | Bought a scroll of identify for 26 gold pieces
  8825 | D:9      | Bought a scroll of identify for 26 gold pieces
  9207 | D:10     | Entered Level 10 of the Dungeon
  9227 | D:10     | Reached skill level 4 in Summonings
  9262 | D:10     | Noticed Erica
  9277 | D:10     | Killed Erica
  9278 | D:10     | Reached skill level 5 in Summonings
  9286 | D:10     | Gained mutation: You passively dampen the noise of your
                  | surroundings. [hidden potential]
  9286 | D:10     | Lost mutation: You have great hidden genetic potential.
                  | [hidden potential expressed]
  9292 | D:10     | Noticed a two-headed ogre
  9308 | D:10     | Killed a two-headed ogre
  9309 | D:10     | Reached skill level 6 in Summonings
  9321 | D:10     | Reached ***** piety under Jiyva
  9393 | D:10     | Reached skill level 7 in Summonings
  9462 | D:10     | Reached skill level 8 in Summonings
  9579 | D:10     | Found Saxkunank's Book Boutique.
  9650 | D:10     | Noticed Maggie
  9656 | D:10     | Killed Maggie
  9920 | D:11     | Reached skill level 9 in Summonings
 10217 | D:11     | Noticed Urug
 10226 | D:11     | Slimified Urug
 10226 | D:11     | Urug changed into Urug the slime creature
 10226 | D:11     | Noticed Urug
 10281 | D:11     | Noticed a two-headed ogre
 10295 | D:11     | Killed a two-headed ogre
 10296 | D:11     | Reached skill level 10 in Summonings
 10368 | D:11     | Lost mutation: Your system is resistant to poisons. (rPois)
                  | [Jiyva's grace]
 10368 | D:11     | Lost mutation: You have hidden genetic potential. [Jiyva's
                  | grace]
 10368 | D:11     | Lost mutation: Your movements are slightly less encumbered
                  | by armour. (ER -2) [Jiyva's grace]
 10368 | D:11     | Gained mutation: You are agile. (Dex +4, Str/Int -1)
                  | [Jiyva's grace]
 10368 | D:11     | Gained mutation: You are very agile. (Dex +8, Str/Int -2)
                  | [Jiyva's grace]
 10368 | D:11     | Gained mutation: Armour fits poorly on your pseudopods.
                  | [Jiyva's grace]
 10368 | D:11     | Gained mutation: Armour fits poorly on your large
                  | pseudopods. [Jiyva's grace]
 10389 | D:11     | Killed Urug the slime creature
 10569 | D:11     | Identified the +0 helmet of the Wasteland {Will+}
 10626 | D:12     | Noticed a skeletal warrior
 10716 | D:9      | Gained mutation: You regenerate health from kills. [demonic
                  | ancestry]
 10716 | D:9      | Reached XP level 12. HP: 87/89 MP: 22/22
 10726 | Lair:1   | Entered Level 1 of the Lair of Beasts
 10842 | Lair:1   | Reached skill level 11 in Summonings
 11233 | Lair:1   | Noticed Nergalle
 11261 | Lair:1   | Slain by a spectral orc knight

Illustrated notes

Levels and vault maps discovered:
D:1:      beargit_arrival_diablo_church, layout_basic,
          hellmonk_ecumenical_altar_inner_sanctum, st_stairs_7,
          kennysheep_crisscross
D:2:      layout_loops_ring, serial_shops, shop, nicolae_lakefront_shop,
          nicolae_shop_trees, hangedman_decor_push
D:3:      layout_loops_cross, palyth_stone_intersect, kennysheep_generic_room_8,
          uniq_terence, uniq_crazy_yiuf_cottage
D:4:      layout_rooms, gammafunk_temple_overflow_elements, tso_altar,
          temple_fountains, portal_sewer_entry_a, uniq_pikel, uniq_natasha,
          uniq_sigmund, uniq_blork_the_orc, uniq_edmund
D:5:      minmay_chambers_of_fours, layout_basic, cheibrodos_gnoll_hut
D:6:      layout_basic, mainiacjoe_overflow_24_doors, serial_shops,
          nicolae_shop_advertising_works [nicolae_subvault_shop_adworks]
D:7:      layout_cave_pools, general_overflow_altar, serial_shops,
          nicolae_shop_rolling_square, nicolae_titane, uniq_maurice
D:8:      layout_basic, nicolae_uskayaw_en_pointe
D:9:      layout_long_grid, minmay_lair_entry_grove, david_orc_1_choice,
          enter_bailey_4, nicolae_nh_oracle_at_delphi
D:10:     layout_roguey, serial_shops, nicolae_shop_back_alley_shop, uniq_erica,
          uniq_maggie
D:11:     layout_long_grid, uniq_urug
D:12:     layout_cave_pools, kb_lookout_dungeons_type, columned_hall_lemuel,
          slow_altar_1
Lair:1:   layout_big_grid, nicolae_quartered_pool_little, serial_bayou_shore_a,
          uniq_nergalle

Skill      XL: |  1  2  3  4  5  6  7  8  9 10 11 12 |
---------------+-------------------------------------+-----
Stealth        | 2 3 5 6 7 |  7.5
Dodging        | 2 3 4 5 6 |  6.9
Ice Magic      | 4 5 6 7 |  7.6
Fighting       | 1 2 4 6 |  6.9
Spellcasting   | 3 4 5 6 |  6.9
Shields        | 1 3 |  3.1
Short Blades   | 1 |  1.4
Summonings     | 3 10 11 | 11.7

Action                     |  1- 3 |  4- 6 |  7- 9 | 10-12 || total
---------------------------+-------+-------+-------+-------++-------
  Melee: Whip              |    37 |       |       |       ||    37
         Unarmed           |     1 |       |       |       ||     1
         Short sword       |     9 |   106 |   135 |   371 ||   621
         Headbutt          |     7 |    16 |    26 |    83 ||   132
         Pseudopods        |       |       |       |    26 ||    26
   Fire: Arbalest          |       |       |       |    14 ||    14
  Throw: Dart              |       |     3 |     5 |       ||     8
   Cast: Freeze            |    25 |     1 |     8 |       ||    34
         Frozen Ramparts   |     6 |     7 |    40 |    76 ||   129
         Ozocubu's Armour  |       |       |     2 |    64 ||    66
         Summon Ice Beast  |       |       |       |    11 ||    11
         Call Imp          |       |       |       |     8 ||     8
 Invoke: Oozemancy         |       |       |       |     2 ||     2
         Slimify           |       |       |       |     1 ||     1
    Use: Scroll            |     2 |     2 |     4 |    11 ||    19
         Potion            |       |       |     2 |     2 ||     4
   Stab: Sleeping          |     1 |     6 |     7 |     6 ||    20
 Armour: Robe              |    38 |    30 |       |       ||    68
         Leather armour    |       |    14 |    82 |   313 ||   409
  Dodge: Dodged            |    48 |    54 |    86 |   428 ||   616

Table legend: (Time is in decaauts)
 A = Elapsed time spent in this place.
 B = Non-inter-level travel time spent in this place.
 C = Inter-level travel time spent in this place.
 D = Time resting spent in this place.
 E = Time spent auto-exploring this place.
 F = Levels seen in this place.
 G = Mean time per level.
                   A        B        C        D        E       F      G
               +--------+--------+--------+--------+--------+-----+--------+
         Total |  11274 |  10868 |    406 |   1502 |   6484 |  15 |  751.6 |
       Dungeon |   9687 |   9281 |    406 |   1157 |   5974 |  12 |  807.2 |
          Lair |    530 |    530 |      0 |     91 |    200 |   1 |  530.0 |
         Sewer |    578 |    578 |      0 |     51 |    309 |   1 |  578.0 |
        Bailey |    477 |    477 |      0 |    203 |      0 |   1 |  477.0 |
               +--------+--------+--------+--------+--------+-----+--------+

Top non-repeatable levels by time:
     D:1: 1324 daAuts
     D:9: 1209 daAuts
     D:5: 957 daAuts
     D:8: 945 daAuts
     D:2: 900 daAuts
     D:4: 847 daAuts
    D:11: 820 daAuts
     D:3: 771 daAuts
     D:6: 741 daAuts
   Sewer: 578 daAuts
    D:10: 568 daAuts
     D:7: 538 daAuts
  Lair:1: 530 daAuts
  Bailey: 477 daAuts
    D:12: 63 daAuts
